PIO (24 & UNDER)
SASKATOON SMOKIN' GUNS @ EAU CLAIRE ESQUIRES
09/23/2026
 
TOP OF THE 1ST
Saskatoon Smokin' Guns batting - Pitching for Eau Claire Esquires : RHP Domingo León
Pitching: RHP Domingo León
Batting: LHB Alejandro Rojas 0-0: Swinging Strike
0-1: Foul Ball, location: 2F
0-2: Foul Ball, location: 2F
0-2: Ball
1-2: Ball
2-2: Ground out 4-3 (Groundball, 4)
Batting: RHB Rijk de Rade 0-0: SOLO HOME RUN (Line Drive, 7LD), Distance : 314 ft
Batting: LHB Raúl Casillán 0-0: Ball
1-0: SINGLE (Line Drive, 4MD)
Batting: LHB José Liñares 0-0: Ball
1-0: Swinging Strike
1-1: Ball
2-1: Foul Ball, location: 2F
2-2: SINGLE (Groundball, 3D)
Raúl Casillán to second
Raúl Casillán to third
Batting: RHB César Rodríguez 0-0: SINGLE (Groundball, 56D) (infield hit)
Raúl Casillán scores
José Liñares to second
Batting: LHB Russell Peck 0-0: Ball
1-0: Ball
2-0: Called Strike
2-1: SINGLE (Line Drive, 78M)
José Liñares to third
César Rodríguez to second
Batting: RHB Johnny MacNamara 0-0: Called Strike
0-1: Fly out, F8 (Flyball, 8LM)
Runner from 3rd tags up, SCORES, no throw
Batting: RHB Henry Jackson 0-0: Ball
1-0: Fielders Choice at 2nd, U4 (Groundball, 4M)
Top of the 1st over - 3 run(s), 5 hit(s), 0 error(s), 2 left on base; Saskatoon 3 - Eau Claire 0
BOTTOM OF THE 1ST
Eau Claire Esquires batting - Pitching for Saskatoon Smokin' Guns : RHP Daniel Casey
Pitching: RHP Daniel Casey
Batting: RHB David Alonso 0-0: Called Strike
0-1: Fly out, F2 (Popup, 2RF)
Batting: RHB Jason Stover 0-0: Called Strike
0-1: Foul Ball, location: 2F
0-2: Ball
1-2: Foul Ball, location: 2F
1-2: Ball
2-2: Strikes out swinging
Batting: RHB Terry Perkins 0-0: Called Strike
0-1: Called Strike
0-2: Strikes out swinging
Bottom of the 1st over - 0 run(s), 0 hit(s), 0 error(s), 0 left on base; Saskatoon 3 - Eau Claire 0
TOP OF THE 2ND
Saskatoon Smokin' Guns batting - Pitching for Eau Claire Esquires : RHP Domingo León
Batting: RHB Zack Flint 0-0: Ball
1-0: Ball
2-0: Swinging Strike
2-1: Fly out, F6 (Line Drive, 6)
Batting: LHB Alejandro Rojas 0-0: Ground out 4-3 (Groundball, 4M)
Batting: RHB Rijk de Rade 0-0: Called Strike
0-1: Ball
1-1: Foul Ball, location: 2F
1-2: Ball
2-2: Strikes out swinging
Top of the 2nd over - 0 run(s), 0 hit(s), 0 error(s), 0 left on base; Saskatoon 3 - Eau Claire 0
BOTTOM OF THE 2ND
Eau Claire Esquires batting - Pitching for Saskatoon Smokin' Guns : RHP Daniel Casey
Batting: RHB Félix Gonzáles 0-0: Fly out, F8 (Flyball, 8LD)
Batting: LHB José Martínez 0-0: Ball
1-0: Ball
2-0: Called Strike
2-1: Foul Ball, location: 2F
2-2: Foul Ball, location: 2F
2-2: Ground out U3 (Groundball, 3L)
Batting: RHB Jon Krohne 0-0: Called Strike
0-1: Called Strike
0-2: Ball
1-2: Foul Ball, location: 2F
1-2: Strikes out swinging, 2-3 out at first.
Bottom of the 2nd over - 0 run(s), 0 hit(s), 0 error(s), 0 left on base; Saskatoon 3 - Eau Claire 0
TOP OF THE 3RD
Saskatoon Smokin' Guns batting - Pitching for Eau Claire Esquires : RHP Domingo León
Batting: LHB Raúl Casillán 0-0: Ball
1-0: Ground out 6-3 (Groundball, 6)
Batting: LHB José Liñares 0-0: Foul Ball, location: 2F
0-1: Ball
1-1: Called Strike
1-2: Ball
2-2: Foul Ball, location: 2F
2-2: Ball
3-2: Strikes out swinging
Batting: RHB César Rodríguez 0-0: Foul Ball, location: 2F
0-1: Ball
1-1: Ball
2-1: Reached on error, E5 (Groundball, 56)
Batting: LHB Russell Peck 0-0: Ball
1-0: Foul Ball, location: 2F
1-1: Ball
2-1: Called Strike
2-2: Strikes out looking
Top of the 3rd over - 0 run(s), 0 hit(s), 1 error(s), 1 left on base; Saskatoon 3 - Eau Claire 0
BOTTOM OF THE 3RD
Eau Claire Esquires batting - Pitching for Saskatoon Smokin' Guns : RHP Daniel Casey
Batting: LHB Johnny Foley 0-0: Foul Ball, location: 2F
0-1: DOUBLE (Line Drive, 3D)
Batting: RHB Luis Pérez 0-0: Foul Ball, location: 2F
0-1: Foul Ball, location: 2F
0-2: Ball
1-2: Ball
2-2: Ball
3-2: Foul Ball, location: 2F
3-2: Strikes out swinging
Batting: RHB Dave Anderson 0-0: Called Strike
0-1: Fly out, F4 (Popup, 4)
Batting: RHB David Alonso 0-0: Called Strike
0-1: Ball
1-1: Called Strike
1-2: Fly out, F9 (Flyball, 89M)
Bottom of the 3rd over - 0 run(s), 1 hit(s), 0 error(s), 1 left on base; Saskatoon 3 - Eau Claire 0
TOP OF THE 4TH
Saskatoon Smokin' Guns batting - Pitching for Eau Claire Esquires : RHP Domingo León
Batting: RHB Johnny MacNamara 0-0: Called Strike
0-1: Foul Ball, location: 2F
0-2: Ball
1-2: Foul Ball, location: 2F
1-2: Ground out 6-3 (Groundball, 6M)
Batting: RHB Henry Jackson 0-0: Foul Ball, location: 2F
0-1: Ball
1-1: Ball
2-1: Ball
3-1: SINGLE (Groundball, 56)
Batting: RHB Zack Flint 0-0: Ball
1-0: Swinging Strike
1-1: Foul Ball, location: 2F
1-2: Ball
Henry Jackson steals 2nd base
2-2: Ball
3-2: SINGLE (Groundball, 6MD)
Henry Jackson to third
Runner from 3rd tries for Home, SAFE, no throw or cutoff
Batting: LHB Alejandro Rojas 0-0: Fly out, F5 (Line Drive, 56)
Batting: RHB Rijk de Rade 0-0: Ball
1-0: Ball
2-0: Swinging Strike
2-1: Ball
3-1: Base on Balls
Zack Flint to second
Batting: LHB Raúl Casillán 0-0: Ball
1-0: Ground out 1-3 (Groundball, 13)
Top of the 4th over - 1 run(s), 2 hit(s), 0 error(s), 2 left on base; Saskatoon 4 - Eau Claire 0
BOTTOM OF THE 4TH
Eau Claire Esquires batting - Pitching for Saskatoon Smokin' Guns : RHP Daniel Casey
Batting: RHB Jason Stover 0-0: Ball
1-0: Fly out, F8 (Line Drive, 8RM)
Batting: RHB Terry Perkins 0-0: Swinging Strike
0-1: Called Strike
0-2: Foul Ball, location: 2F
0-2: Foul Ball, location: 2F
0-2: Ball
1-2: Ball
2-2: Ball
3-2: Foul Ball, location: 2F
3-2: Ground out 5-3 (Groundball, 5L)
Batting: RHB Félix Gonzáles 0-0: Ball
1-0: Foul Ball, location: 2F
1-1: Swinging Strike
1-2: SINGLE (Line Drive, 56D)
Batting: LHB José Martínez 0-0: Ball
1-0: Foul Ball, location: 2F
1-1: Ball
2-1: Ball
3-1: Swinging Strike
3-2: Base on Balls
Félix Gonzáles to second
Batting: RHB Jon Krohne 0-0: Called Strike
0-1: Ball
1-1: Swinging Strike
1-2: Ball
2-2: Foul Ball, location: 2F
2-2: SINGLE (Groundball, 6MD) (infield hit)
Félix Gonzáles to third
José Martínez to second
Batting: LHB Johnny Foley 0-0: Swinging Strike
0-1: Ball
1-1: Ground out U3 (Groundball, 3S)
Bottom of the 4th over - 0 run(s), 2 hit(s), 0 error(s), 3 left on base; Saskatoon 4 - Eau Claire 0
TOP OF THE 5TH
Saskatoon Smokin' Guns batting - Pitching for Eau Claire Esquires : RHP Domingo León
Batting: LHB José Liñares 0-0: Swinging Strike
0-1: Fly out, F8 (Flyball, 8LXD)
Batting: RHB César Rodríguez 0-0: Ball
1-0: Fly out, F7 (Flyball, 78D)
Batting: LHB Russell Peck 0-0: Ball
1-0: Foul Ball, location: 2F
1-1: SINGLE (Flyball, 78S)
Pitching: RHP Alex Hicks
Batting: RHB Johnny MacNamara 0-0: Foul Ball, location: 2F
0-1: Foul Ball, location: 2F
0-2: Ball
1-2: SINGLE (Line Drive, 8LS)
Russell Peck to second
Batting: RHB Henry Jackson 0-0: Called Strike
0-1: Ball
1-1: Ground out 4-3 (Groundball, 4)
Top of the 5th over - 0 run(s), 2 hit(s), 0 error(s), 2 left on base; Saskatoon 4 - Eau Claire 0
BOTTOM OF THE 5TH
Eau Claire Esquires batting - Pitching for Saskatoon Smokin' Guns : RHP Daniel Casey
Batting: RHB Luis Pérez 0-0: Called Strike
0-1: Ball
1-1: Ground out 1-3 (Groundball, 13S)
Batting: RHB Dave Anderson 0-0: Foul Ball, location: 2F
0-1: Ground out 5-3 (Groundball, 5)
Batting: RHB David Alonso 0-0: Called Strike
0-1: Ground out 6-3 (Groundball, 6M)
Bottom of the 5th over - 0 run(s), 0 hit(s), 0 error(s), 0 left on base; Saskatoon 4 - Eau Claire 0
TOP OF THE 6TH
Saskatoon Smokin' Guns batting - Pitching for Eau Claire Esquires : RHP Alex Hicks
Batting: RHB Zack Flint 0-0: Swinging Strike
0-1: Foul Ball, location: 2F
0-2: Strikes out swinging
Batting: LHB Alejandro Rojas 0-0: Called Strike
0-1: Called Strike
0-2: Strikes out swinging
Batting: RHB Rijk de Rade 0-0: Called Strike
0-1: Swinging Strike
0-2: Ball
1-2: Strikes out swinging
Top of the 6th over - 0 run(s), 0 hit(s), 0 error(s), 0 left on base; Saskatoon 4 - Eau Claire 0
BOTTOM OF THE 6TH
Eau Claire Esquires batting - Pitching for Saskatoon Smokin' Guns : RHP Daniel Casey
Batting: RHB Jason Stover 0-0: Swinging Strike
0-1: Foul Ball, location: 2F
0-2: Strikes out looking
Batting: RHB Terry Perkins 0-0: Ball
1-0: Called Strike
1-1: Ball
2-1: Swinging Strike
2-2: Ball
3-2: Strikes out swinging
Batting: RHB Félix Gonzáles 0-0: Ground out 5-3 (Groundball, 56)
Bottom of the 6th over - 0 run(s), 0 hit(s), 0 error(s), 0 left on base; Saskatoon 4 - Eau Claire 0
TOP OF THE 7TH
Saskatoon Smokin' Guns batting - Pitching for Eau Claire Esquires : RHP Alex Hicks
Batting: LHB Raúl Casillán 0-0: Called Strike
0-1: Ball
1-1: Called Strike
1-2: SINGLE (Groundball, 34D)
Batting: LHB José Liñares 0-0: Called Strike
Throwing error on steal attempt, E2
Raúl Casillán to third
0-1: Ball
1-1: Foul Ball, location: 2F
1-2: Ground out 1-3 (Groundball, 25)
Batting: RHB César Rodríguez 0-0: Foul Ball, location: 2F
0-1: Ball
1-1: Foul Ball, location: 2F
1-2: SINGLE (Flyball, 78S)
Raúl Casillán scores
Batting: LHB Russell Peck 0-0: Ball
1-0: Swinging Strike
1-1: Called Strike
1-2: SINGLE (Groundball, 6M)
César Rodríguez to second
Pitching: RHP Robinson Alomar
Batting: RHB Johnny MacNamara 0-0: Called Strike
0-1: Foul Ball, location: 2F
0-2: SINGLE (Groundball, 4D)
César Rodríguez to third
Russell Peck to second
Runner from 3rd tries for Home, SAFE, no throw or cutoff
Batting: RHB Henry Jackson 0-0: Ball
1-0: Foul Ball, location: 2F
1-1: Foul Ball, location: 2F
1-2: Strikes out swinging
Batting: RHB Zack Flint 0-0: Called Strike
0-1: Foul Ball, location: 2F
0-2: Foul Ball, location: 2F
0-2: Strikes out swinging
Top of the 7th over - 2 run(s), 4 hit(s), 1 error(s), 2 left on base; Saskatoon 6 - Eau Claire 0
BOTTOM OF THE 7TH
Eau Claire Esquires batting - Pitching for Saskatoon Smokin' Guns : RHP Daniel Casey
Pitching: RHP Guy Farinelli
Batting: LHB José Martínez 0-0: Called Strike
0-1: Ball
1-1: Ball
2-1: Called Strike
2-2: Ball
3-2: Strikes out swinging
Batting: RHB Jon Krohne 0-0: Ball
1-0: Ball
2-0: Ball
3-0: Base on Balls
Batting: LHB Johnny Foley 0-0: Ball
1-0: Called Strike
1-1: Swinging Strike
1-2: Ball
2-2: Ball
3-2: Foul Ball, location: 2F
3-2: Foul Ball, location: 2F
3-2: Base on Balls
Jon Krohne to second
Batting: RHB Luis Pérez 0-0: Called Strike
0-1: Grounds into double play, 6-4-3 (Groundball, 6)
Bottom of the 7th over - 0 run(s), 0 hit(s), 0 error(s), 1 left on base; Saskatoon 6 - Eau Claire 0
TOP OF THE 8TH
Saskatoon Smokin' Guns batting - Pitching for Eau Claire Esquires : RHP Robinson Alomar
Batting: LHB Alejandro Rojas 0-0: Ball
1-0: Ball
2-0: SINGLE (Line Drive, 7LS)
Batting: RHB Rijk de Rade 0-0: Bunted foul
0-1: Bunted foul
0-2: Ball
1-2: SINGLE (Groundball, 56D)
Alejandro Rojas to second
Batting: LHB Raúl Casillán 0-0: Ball
1-0: 3-RUN HOME RUN (Flyball, 89XD), Distance : 369 ft
Batting: LHB José Liñares 0-0: Foul Ball, location: 2F
0-1: Foul Ball, location: 2F
0-2: Hit by Pitch
Batting: RHB César Rodríguez 0-0: Ball
1-0: Fly out, F8 (Flyball, 8RM)
Batting: LHB Russell Peck 0-0: SINGLE (Line Drive, 8LS)
José Liñares to second
Batting: RHB Johnny MacNamara 0-0: Called Strike
0-1: Ball
1-1: Ball
2-1: Foul Ball, location: 2F
2-2: Strikes out swinging
Batting: RHB Henry Jackson 0-0: Fly out, F7 (Flyball, 78M)
Top of the 8th over - 3 run(s), 4 hit(s), 0 error(s), 2 left on base; Saskatoon 9 - Eau Claire 0
BOTTOM OF THE 8TH
Eau Claire Esquires batting - Pitching for Saskatoon Smokin' Guns : RHP Guy Farinelli
Batting: RHB Dave Anderson 0-0: Called Strike
0-1: Ball
1-1: Ball
2-1: Foul Ball, location: 2F
2-2: Ball
3-2: Foul Ball, location: 2F
3-2: Strikes out swinging
Batting: RHB David Alonso 0-0: Called Strike
0-1: SINGLE (Line Drive, 8LS)
Batting: RHB Jason Stover 0-0: Called Strike
0-1: Ball
1-1: Foul Ball, location: 2F
1-2: Ball
2-2: Ball
3-2: Strikes out looking
Batting: RHB Terry Perkins 0-0: Foul Ball, location: 2F
0-1: Ball
1-1: Foul Ball, location: 2F
1-2: Ball
2-2: Strikes out looking
Bottom of the 8th over - 0 run(s), 1 hit(s), 0 error(s), 1 left on base; Saskatoon 9 - Eau Claire 0
TOP OF THE 9TH
Saskatoon Smokin' Guns batting - Pitching for Eau Claire Esquires : RHP Robinson Alomar
Pitching: RHP Orsino Ortíz
Batting: RHB Zack Flint 0-0: Ball
1-0: Fly out, F6 (Popup, 56D)
Batting: LHB Alejandro Rojas 0-0: Ball
1-0: Foul Ball, location: 2F
1-1: Swinging Strike
1-2: Strikes out looking
Batting: RHB Rijk de Rade 0-0: Foul Ball, location: 2F
0-1: Ball
1-1: Ball
2-1: Ball
3-1: Base on Balls
Batting: LHB Raúl Casillán 0-0: Called Strike
0-1: Ball
1-1: Ball
2-1: SINGLE (Line Drive, 7S)
Rijk de Rade to second
Batting: LHB José Liñares 0-0: Foul Ball, location: 2F
0-1: Called Strike
0-2: Ball
1-2: Ball
2-2: Ball
3-2: SINGLE (Groundball, 4)
Rijk de Rade to third
Raúl Casillán to second
Rijk de Rade scores
Raúl Casillán to third
Batting: RHB César Rodríguez 0-0: Ball
1-0: Ball
2-0: TRIPLE (Flyball, 8LXD)
Raúl Casillán scores
José Liñares scores
Batting: LHB Russell Peck 0-0: Ball
1-0: Called Strike
1-1: Ball
2-1: Foul Ball, location: 2F
2-2: Ball
3-2: Base on Balls
Batting: RHB Johnny MacNamara 0-0: Ball
1-0: Called Strike
1-1: Called Strike
1-2: Ball
2-2: Ball
3-2: Strikes out swinging
Top of the 9th over - 3 run(s), 3 hit(s), 0 error(s), 2 left on base; Saskatoon 12 - Eau Claire 0
BOTTOM OF THE 9TH
Eau Claire Esquires batting - Pitching for Saskatoon Smokin' Guns : RHP Guy Farinelli
Batting: RHB Félix Gonzáles 0-0: Called Strike
0-1: Ball
1-1: Swinging Strike
1-2: Ball
2-2: SINGLE (Line Drive, 7S)
Batting: LHB José Martínez 0-0: Called Strike
0-1: Ball
1-1: Foul Ball, location: 2F
1-2: Ball
2-2: Ball
3-2: Base on Balls
Félix Gonzáles to second
Batting: RHB Jon Krohne 0-0: Ball
1-0: Ball
2-0: Swinging Strike
2-1: DOUBLE (Flyball, 8LXD)
Félix Gonzáles scores
José Martínez to third
Batting: LHB Johnny Foley 0-0: Ball
1-0: Swinging Strike
1-1: Ball
2-1: Ground out 1-3 (Groundball, 15S)
Batting: RHB Luis Pérez 0-0: Ball
1-0: Foul Ball, location: 2F
1-1: Ball
2-1: Fly out, F7 (Flyball, 7S)
Batting: RHB Dave Anderson 0-0: Ball
1-0: Ball
2-0: Ball
3-0: Base on Balls
Batting: RHB David Alonso 0-0: Foul Ball, location: 2F
0-1: SINGLE (Groundball, 56S)
José Martínez scores
Jon Krohne to third
Dave Anderson to second
Runner from 3rd tries for Home, SAFE, no throw or cutoff
Batting: RHB Jason Stover 0-0: SINGLE (Groundball, 5D)
Dave Anderson to third
David Alonso to second
Runner from 3rd tries for Home, SAFE, no throw or cutoff
Batting: RHB Terry Perkins 0-0: Ball
1-0: Ball
2-0: Called Strike
2-1: Ball
3-1: Foul Ball, location: 2F
3-2: Base on Balls
David Alonso to third
Jason Stover to second
Batting: RHB Félix Gonzáles 0-0: Swinging Strike
0-1: Ball
1-1: Ball
2-1: Foul Ball, location: 2F
2-2: Ball
3-2: Foul Ball, location: 2F
3-2: Fly out, F7 (Line Drive, 78XD)
Bottom of the 9th over - 4 run(s), 4 hit(s), 0 error(s), 3 left on base; Saskatoon 12 - Eau Claire 4
Monday, December 5th, 2016 - OOTP Baseball 17.12 Build 75